 Dungeon Crawl Stone Soup version 0.32-a0-314-g526f7d4993 (webtiles) character file.

Game seed: 2071671877098809280

2780 gruber the Arsonist (level 9, -10/67 (74) HPs)
             Began as a Mountain Dwarf Fire Elementalist on Feb 13, 2024.
             Mangled by an orc knight
             ... wielding a +0 halberd
              (12 damage)
             ... in a bailey on Feb 15, 2024.
             The game lasted 00:12:10 (8208 turns).

gruber the Arsonist (MDFE)                          Turns: 8208, Time: 00:12:11

HP:   -10/67 (74)   AC: 12    Str: 11    XL:     9   Next: 43%
MP:   4/15          EV: 10    Int: 20    God:
Gold: 457           SH:  0    Dex: 10    Spells: 6/16 levels left

rFire   . . .        G - +4 falchion (elec)
rCold   . . .        (no shield)
rNeg    + . .        E - +0 swamp dragon scales
rPois   +            A - +0 helmet
rElec   .            k - +0 cloak
rCorr   .            (no gloves)
SInv    .            C - +0 pair of boots
Will    .....        (no amulet)
Stlth   +            e - ring of positive energy
HPRegen 0.31/turn    (no ring)
MPRegen 0.14/turn

%: no passive effects
@: mighty, drained
A: runic magic, artefact enchanting
a: no special abilities


You were in a bailey.
You visited 1 branch of the dungeon, and saw 7 of its levels.
You also visited: Sewer, Ossuary and Bailey.

You collected 457 gold pieces.

Inventory:

Hand Weapons
 D - a +2 long sword of flaming
 G - a +4 falchion of electrocution (weapon)
Armour
 k - a +0 cloak (worn)
 A - a +0 helmet (worn)
 C - a +0 pair of boots (worn)
 E - +0 swamp dragon scales (worn)
Jewellery
 e - a ring of positive energy (left hand)
Wands
 r - a wand of mindburst (8)
 F - a wand of roots (1)
Scrolls
 a - 2 scrolls of enchant weapon {unknown}
 c - a scroll of blinking {unknown}
 d - 12 scrolls of identify {unknown}
 m - 3 scrolls of fog {unknown}
 n - a scroll of immolation {unknown}
 p - a scroll of fear {unknown}
 t - 3 scrolls of vulnerability {unknown}
 u - 3 scrolls of poison {unknown}
 v - 3 scrolls of noise {unknown}
 y - a scroll of brand weapon {unknown}
 B - 3 scrolls of teleportation {unknown}
Potions
 b - a potion of magic
 f - a potion of might
 h - 2 potions of lignification {unknown}
 i - a potion of enlightenment {unknown}
 j - 2 potions of degeneration {unknown}
 l - 4 potions of curing {unknown}
 o - 2 potions of invisibility {unknown}
 q - 2 potions of attraction {unknown}
 s - a potion of ambrosia {unknown}
 w - 3 potions of heal wounds {unknown}
 x - 3 potions of mutation {unknown}
 z - 3 potions of haste {unknown}


   Skills:
 - Level 5.0 Fighting
 - Level 5.0 Armour
 - Level 1.3 Dodging
 - Level 1.4 Stealth
 - Level 4.0 Spellcasting
 - Level 0.8 Conjurations
 * Level 12.7 Fire Magic


You had 6 spell levels left.
You knew the following spells:

 Your Spells              Type           Power      Damage    Failure   Level
a - Foxfire               Conj/Fire      100%       2x1d9     1%          1
b - Scorch                Fire           100%       2d9       1%          2
c - Volatile Blastmotes   Fire/Tloc      58%        2d14      3%          3
d - Flame Wave            Conj/Fire      31%        2d9       10%         4

Your spell library contained the following spells:

 Spells                   Type           Power      Damage    Failure   Level
 Inner Flame              Hex/Fire       29%        N/A       3%          3
 Shock                    Conj/Air       20%        1d4       13%         1
 Sting                    Conj/Alch      20%        1d4       13%         1
 Apportation              Tloc           8%         N/A       16%         1
 Freeze                   Ice            16%        1d4       16%         1
 Necrotise                Necr           16%        1d4       16%         1
 Slow                     Hex            16%        N/A       16%         1
 Summon Small Mammal      Summ           16%        N/A       16%         1
 Momentum Strike          Conj/Tloc      10%        3d8       19%         2
 Blink                    Tloc           8%         N/A       22%         2
 Lesser Beckoning         Tloc           8%         N/A       22%         2
 Confusing Touch          Hex            4%         N/A       41%         3
 Sigil of Binding         Hex            4%         N/A       41%         3
 Swiftness                Air            4%         N/A       41%         3
 Tukima's Dance           Hex            4%         N/A       41%         3
 Vampiric Draining        Necr           4%         2d6       41%         3
 Iskenderun's Mystic Bla  Conj/Tloc      5%         2d3       77%         4
 Airstrike                Air            2%         2d(1-17)  83%         4
 Dimensional Bullseye     Hex/Tloc       2%         N/A       83%         4


Dungeon Overview and Level Annotations

Branches:
Dungeon (7/15)             Temple (0/1) D:6           Sewer (visited)
Ossuary (visited)          Bailey (1/1)

Altars:
Fedhas
Nemelex Xobeh
Okawaru
Qazlal
Ru
Sif Muna
Uskayaw
Xom

Shops:
D:1 [


Innate Abilities, Weirdness & Mutations

Your spellcasting is much less encumbered by armour.
You can use scrolls of enchantment on lesser artefacts.


Message History

Unknown command.
Unknown command.
Casting: Scorch (safe; 1% risk of failure)
Confirm with . or Enter, or press ? or * to list all spells.
Flames lash the orc.
The orc is severely wounded.
The orc's fire resistance burns away.
The orc knight hits you from afar with a +0 halberd!
Unknown command.
Unknown command.
Unknown command.
The orc knight attacks as it pursues you!
The orc knight hits you from afar with a +0 halberd.
There is an open door here.
Casting: Scorch (safe; 1% risk of failure)
Confirm with . or Enter, or press ? or * to list all spells.
Flames lash the orc knight.
The orc knight is moderately wounded.
The orc knight's fire resistance burns away.
Unknown command.
Unknown command.
Casting: Scorch (safe; 1% risk of failure)
Confirm with . or Enter, or press ? or * to list all spells.
Flames lash the orc knight.
The orc knight is burned terribly!
The orc knight is heavily wounded.
The orc knight hits you from afar with a +0 halberd!
* * * LOW HITPOINT WARNING * * *
Unknown command.
Casting: Scorch (safe; 1% risk of failure)
Confirm with . or Enter, or press ? or * to list all spells.
Flames lash the orc knight.
The orc knight is burned terribly!
The orc knight is heavily wounded.
The orc knight hits you from afar with a +0 halberd!
* * * LOW HITPOINT WARNING * * *
Unknown command.
Unknown command.
It was a potion of might.
You feel very mighty all of a sudden.
The orc knight hits you from afar with a +0 halberd!
You die...

##### ##@'o#
+##+##)###o#
#.....## #).
#.....###
)).!
+..⌠..'.# '
.⌠.!'
#.....###
!.!.#
##.....##
!.!#
##'##+##'###+
'##' #.##
##.#g#


You could see an orc knight (combustible) and an orc (strong).

Vanquished Creatures
  Maggie (D:6)
  A steam dragon (D:4)
  A sky beast (D:6)
  An orc warrior (D:6)
  3 ogres (D:5)
  A black bear (D:6)
  A crocodile (Sewer)
  A phantom (D:5)
  3 bullfrogs
  2 elf zombies (Ossuary)
  2 scorpions
  3 wights (D:6)
  2 howler monkeys
  A bombardier beetle (D:5)
  A jelly (D:6)
  2 hounds (D:4)
  2 human zombies (Ossuary)
  3 orc priests
  A sleepcap (D:6)
  4 orc wizards
  4 iguanas
  5 mummies
  10 gnolls (Bailey)
  7 adders
  4 ufetubi
  A dart slug (D:2)
  A ribbon worm (D:3)
  26 orcs
  3 bats
  4 endoplasms
  9 giant cockroaches
  2 gnoll zombies (Ossuary)
  9 goblins
  10 hobgoblins
  4 jackals (Sewer)
  5 kobolds
  9 quokkas
  10 ball pythons
  A goblin zombie (Ossuary)
  A hobgoblin zombie (Ossuary)
  2 jackal zombies (Ossuary)
  5 rats
  2 rat zombies (Ossuary)
170 creatures vanquished.

Vanquished Creatures (others)
  385 foxfires
385 creatures vanquished.

Grand Total: 555 creatures vanquished

Notes
Turn   | Place    | Note
-------+----------+-------------------------------------------
     0 | D:1      | gruber the Mountain Dwarf Fire Elementalist began the quest
                  | for the Orb.
     0 | D:1      | Reached XP level 1. HP: 14/14 MP: 3/3
   182 | D:1      | Found Pore Nef's Armour Shoppe.
   315 | D:1      | Reached skill level 4 in Fire Magic
   332 | D:1      | Reached XP level 2. HP: 12/20 MP: 1/4
   480 | D:1      | You fall into a shaft and drop 1 floor!
   724 | D:2      | Reached skill level 5 in Fire Magic
   724 | D:2      | Reached XP level 3. HP: 26/26 MP: 1/5
   987 | D:1      | Found a faded altar of an unknown god.
   990 | D:1      | Got Plato's Spellbook of Cold
  1016 | D:1      | Learned a level 2 spell: Scorch
  1600 | D:2      | Reached skill level 6 in Fire Magic
  1600 | D:2      | Reached XP level 4. HP: 33/33 MP: 3/6
  2215 | D:3      | Found a stormy altar of Qazlal.
  2215 | D:3      | Found a sparkling altar of Nemelex Xobeh.
  2258 | D:3      | Found an iron altar of Okawaru.
  2265 | D:3      | Found a blossoming altar of Fedhas.
  2265 | D:3      | Found a shimmering blue altar of Sif Muna.
  2268 | D:3      | Found a sacrificial altar of Ru.
  2269 | D:3      | Found a shimmering altar of Xom.
  2327 | D:3      | Noticed a bullfrog
  2334 | D:3      | Killed a bullfrog
  2335 | D:3      | Reached skill level 7 in Fire Magic
  2335 | D:3      | Reached XP level 5. HP: 34/38 MP: 1/7
  2371 | D:3      | Found a glowing drain.
  2395 | Sewer    | Entered a sewer
  2528 | Sewer    | Noticed a crocodile
  2544 | Sewer    | Killed a crocodile
  2545 | Sewer    | Reached skill level 8 in Fire Magic
  2545 | Sewer    | Reached XP level 6. HP: 30/45 MP: 0/8
  3252 | D:4      | Reached skill level 9 in Fire Magic
  3324 | D:4      | Learned a level 3 spell: Volatile Blastmotes
  3324 | D:4      | Found a sand-covered staircase.
  3364 | Ossuary  | Entered an ossuary
  3505 | Ossuary  | Reached XP level 7. HP: 40/50 MP: 1/9
  3688 | Ossuary  | Reached skill level 10 in Fire Magic
  3688 | Ossuary  | Reached skill level 1 in Armour
  4481 | D:4      | Noticed a steam dragon
  4502 | D:4      | Killed a steam dragon
  4728 | D:4      | Found a hide-covered altar of Uskayaw.
  4970 | D:5      | Entered Level 5 of the Dungeon
  5072 | D:5      | Reached skill level 5 in Armour
  5072 | D:5      | Reached XP level 8. HP: 49/57 MP: 0/11
  5596 | D:5      | Reached skill level 1 in Fighting
  5596 | D:5      | Upgraded the game from 0.32-a0-290-g598725c5f2 to
                  | 0.32-a0-314-g526f7d4993
  6298 | D:6      | Reached skill level 5 in Fighting
  6476 | D:6      | Found a staircase to the Ecumenical Temple.
  6495 | D:6      | Noticed Maggie
  6516 | D:6      | Killed Maggie
  6517 | D:6      | Reached skill level 11 in Fire Magic
  6517 | D:6      | Reached XP level 9. HP: 11/74 MP: 0/15
  7221 | D:6      | Reached skill level 12 in Fire Magic
  7789 | D:7      | Found a flagged portal.
  7803 | Bailey   | Entered a bailey
  7899 | Bailey   | Learned a level 4 spell: Flame Wave
  8196 | Bailey   | Noticed an orc knight
  8207 | Bailey   | HP: 2/67 [orc knight/+0 halberd (13)]
  8208 | Bailey   | Mangled by an orc knight

Illustrated notes

Levels and vault maps discovered:
D:1:      lightli_arrival_chessboard, layout_loops_ring, serial_shops, shop,
          shapermc_ecumenical_altar_rom_forum
D:2:      layout_rooms
D:3:      layout_basic, minitemple, gup_sewer_entry_pipe
D:4:      layout_loops_ring, mainiacjoe_overflow_surrounded_room,
          gup_ossuary_entry_pyramid
D:5:      layout_basic, serial_glass, glass_columns_a, glass_columns_b,
          minmay_misc_feat_iff
D:6:      layout_basic, temple_statues, uniq_maggie
D:7:      layout_loops_ring, enter_bailey_5, st_stairs_6
Bailey:   bailey_polearm_nasty_gnolls, bailey

Skill      XL: |  1  2  3  4  5  6  7  8  9 |
---------------+----------------------------+-----
Fire Magic     | 4 5 6 7 8 9 10 11 12 | 12.7
Armour         | 5 |  5.0
Spellcasting   | 2 4 |  4.0
Fighting       | 5 |  5.0
Dodging        | |  1.3
Stealth        | |  1.4
Conjurations   | |  0.8

Action                     |  1- 3 |  4- 6 |  7- 9 || total
---------------------------+-------+-------+-------++-------
  Melee: Unarmed           |    26 |       |       ||    26
         Punch             |     1 |       |       ||     1
         Long sword        |       |    59 |    41 ||   100
         Falchion          |       |       |     5 ||     5
   Cast: Foxfire           |    66 |   103 |   139 ||   308
         Scorch            |       |     7 |    84 ||    91
  Evoke: Wand              |       |       |     4 ||     4
    Use: Potion            |       |       |     1 ||     1
 Armour: Ring mail         |    30 |   114 |    88 ||   232
         Swamp dragon scal |       |       |    51 ||    51
  Dodge: Dodged            |    23 |    85 |    67 ||   175

Table legend: (Time is in decaauts)
 A = Elapsed time spent in this place.
 B = Non-inter-level travel time spent in this place.
 C = Inter-level travel time spent in this place.
 D = Time resting spent in this place.
 E = Time spent auto-exploring this place.
 F = Levels seen in this place.
 G = Mean time per level.
                   A        B        C        D        E       F      G
               +--------+--------+--------+--------+--------+-----+--------+
         Total |   8262 |   8025 |    237 |    263 |   6142 |  10 |  826.2 |
       Dungeon |   6922 |   6685 |    237 |    260 |   5346 |   7 |  988.9 |
         Sewer |    308 |    308 |      0 |      0 |    262 |   1 |  308.0 |
       Ossuary |    627 |    627 |      0 |      3 |    185 |   1 |  627.0 |
        Bailey |    404 |    404 |      0 |      0 |    349 |   1 |  404.0 |
               +--------+--------+--------+--------+--------+-----+--------+

Top non-repeatable levels by time:
     D:6: 1648 daAuts
     D:4: 1194 daAuts
     D:1: 1166 daAuts
     D:5: 1115 daAuts
     D:2: 1026 daAuts
     D:3: 697 daAuts
 Ossuary: 627 daAuts
  Bailey: 404 daAuts
   Sewer: 308 daAuts
     D:7: 73 daAuts
